 Dungeon Crawl Stone Soup version 0.28.0-53-g5a82cb258f (webtiles) character file.

Game seed: 17850949397413257314

283617 protoss039 the Warrior (level 19, -40/167 HPs)
             Began as a Demonspawn Earth Elementalist on June 10, 2022.
             Was the Champion of Vehumet.
             Killed from afar by a deep elf annihilator (77 damage)
             ... with a crystal spear
             ... on level 3 of the Elven Halls on June 14, 2022.
             The game lasted 02:25:08 (62253 turns).

protoss039 the Warrior (DsEE)                      Turns: 62253, Time: 02:25:08

Health: -40/167    AC: 19    Str: 10    XL:     19   Next: 76%
Magic:  11/38      EV: 11    Int: 24    God:    Vehumet [******]
Gold:   1535       SH: 16    Dex: 13    Spells: 10/48 levels left

rFire   . . .      SeeInvis +   l - +8 short sword (venom)
rCold   . . .      Faith    .   u - +0 kite shield
rNeg    . . .      Spirit   .   J - +2 robe {Will+}
rPois   .          Reflect  .   W - +2 hat {SInv}
rElec   +          Harm     .   B - scarf {repulsion}
rCorr   +          Rampage  .   F - +0 pair of gloves
Will    +++..                   G - +2 pair of boots {Stlth+}
Stlth   +++.......              r - amulet of the acrobat
HPRegen 0.37/turn               E - ring of Upran {rElec rCorr}
MPRegen 0.26/turn               X - ring of willpower

@: about to teleport, repel missiles
A: yellow scales 2, icemail 1, augmentation 2, condensation shield, demonic
magic 2, weakness stinger 2
}: 2/15 runes: barnacled, gossamer
a: Renounce Religion


You were on level 3 of the Elven Halls.
You worshipped Vehumet.
Vehumet was exalted by your worship.
You visited 7 branches of the dungeon, and saw 35 of its levels.
You also visited: Bailey.

You collected 3362 gold pieces.
You spent 1827 gold pieces at shops.

Inventory:

Hand Weapons
 l - a +8 short sword of venom (weapon)
 V - a +3 hand axe of flaming
Missiles
 c - 778 stones
 A - 5 throwing nets
 Y - 6 silver javelins
Armour
 t - the +2 robe of the Foremost Xeniums {rF+ rCorr Int+2}
   (You bought it in a shop on level 3 of the Shoals)

   Int:       It affects your intelligence (+2).
   rF:        It protects you from fire.
   rCorr:     It protects you from acid and corrosion.
 u - a +0 kite shield (worn)
 B - a scarf of repulsion (worn)
 F - a +0 pair of gloves (worn)
 G - a +2 pair of boots of stealth (worn)
 J - a +2 robe of willpower (worn)
 W - a +2 hat of see invisible (worn)
 Z - a +2 hat of willpower
Jewellery
 d - a +6 ring of intelligence
 r - an amulet of the acrobat (around neck)
 s - an amulet of regeneration
 E - the ring of Upran (left hand) {rElec rCorr}
   (You found it on level 4 of the Shoals)

   [ring of resist corrosion]

   rElec:     It insulates you from electricity.
   rCorr:     It protects you from acid and corrosion.
 H - a ring of positive energy
 O - a ring of flight
 T - a ring of see invisible
 U - a ring of poison resistance
 X - a ring of willpower (right hand)
Wands
 z - a wand of iceblast (27)
 C - a wand of digging (16)
 M - a wand of acid (2)
Scrolls
 f - 5 scrolls of summoning
 g - 4 scrolls of brand weapon
 h - 16 scrolls of teleportation
 k - 6 scrolls of magic mapping
 m - 6 scrolls of enchant armour
 n - 10 scrolls of immolation
 p - a scroll of silence
 y - 5 scrolls of amnesia
 D - 3 scrolls of identify
 N - a scroll of torment
 P - a scroll of blinking
 S - 4 scrolls of fog
Potions
 a - 6 potions of brilliance
 b - 7 potions of might
 e - 3 potions of haste
 i - 14 potions of curing
 j - 3 potions of invisibility
 o - 3 potions of heal wounds
 q - 6 potions of ambrosia
 v - 3 potions of lignification
 w - 4 potions of magic
 x - 8 potions of mutation
 I - 2 potions of berserk rage
 K - a potion of attraction
 L - 2 potions of cancellation
 Q - 2 potions of resistance
Miscellaneous
 R - a phantom mirror


   Skills:
 + Level 19.2 Fighting
 + Level 11.9 Armour
 - Level 1.7 Dodging
 - Level 1.7 Stealth
 + Level 11.9 Shields
 * Level 15.3 Spellcasting
 + Level 13.7 Conjurations
 + Level 9.0 Necromancy
 - Level 1.0 Transmutations
 * Level 12.0 Earth Magic


You had 10 spell levels left.
You knew the following spells:

 Your Spells              Type           Power      Damage    Failure   Level
a - Sandblast             Erth           100%       2d20      1%          1
b - Passwall              Tmut/Erth      40%        N/A       1%          2
c - Stone Arrow           Conj/Erth      100%       3d13      1%          3
e - Static Discharge      Conj/Air       50%        N/A       1%          2
f - Olgreb's Toxic Radia  Pois           18%        N/A       16%         4
g - Mephitic Cloud        Conj/Pois/Air  40%        N/A       1%          3
h - Freezing Cloud        Conj/Ice/Air   20%        6-21      7%          5
i - Borgnjor's Vile Clut  Necr/Erth      31%        N/A       2%          5
j - Iron Shot             Conj/Erth      34%        9d7       1%          6
k - Orb of Destruction    Conj           35%        9d10      5%          7

Your spell library contained the following spells:

 Spells                   Type           Power      Damage    Failure   Level
 Maxwell's Capacitive Co  Air            9%         ∞         100%        8
 Polar Vortex             Ice            9%         N/A       100%        9
 Shatter                  Erth           33%        3d27*     100%        9
 Magic Dart               Conj           100%       1d8       0%          1
 Foxfire                  Conj/Fire      100%       2x1d9     1%          1
 Searing Ray              Conj           100%       2d8       1%          2
 Conjure Flame            Conj/Fire      50%        6-21      1%          3
 Flame Wave               Conj/Fire      50%        2d10      1%          4
 Fulminant Prism          Conj/Hex       25%        3d14      1%          4
 Sticky Flame             Conj/Fire      50%        2d7       1%          4
 Iskenderun's Battlesphe  Conj           71%        2d12      1%          5
 Ignite Poison            Fire/Tmut/Pois 19%        N/A       4%          3
 Petrify                  Tmut/Erth      49%        N/A       4%          4
 Frozen Ramparts          Ice            36%        1d5       5%          3
 Inner Flame              Hex/Fire       18%        N/A       5%          3
 Leda's Liquefaction      Hex/Erth       23%        N/A       5%          4
 Summon Small Mammal      Summ           72%        N/A       6%          1
 Blink                    Tloc           36%        N/A       10%         2
 Ensorcelled Hibernation  Hex/Ice        36%        N/A       10%         2
 Call Canine Familiar     Summ           18%        N/A       19%         3
 Gell's Gravitas          Tloc           18%        N/A       19%         3
 Lesser Beckoning         Tloc           18%        N/A       19%         3
 Portal Projectile        Hex/Tloc       36%        N/A       19%         3
 Summon Guardian Golem    Hex/Summ       18%        N/A       19%         3
 Teleport Other           Tloc           18%        N/A       19%         3
 Ice Form                 Ice/Tmut       20%        N/A       45%         4
 Summon Ice Beast         Ice/Summ       18%        N/A       52%         4
 Statue Form              Tmut/Erth      32%        N/A       54%         6
 Alistair's Intoxication  Tmut/Pois      13%        N/A       80%         5
 Manifold Assault         Tloc           18%        N/A       86%         5
 Metabolic Englaciation   Hex/Ice        9%         N/A       86%         5
 Summon Mana Viper        Hex/Summ       18%        N/A       86%         5
 Eringya's Noxious Bog    Tmut/Pois      10%        N/A       86%         6
 Dispersal                Tloc           9%         N/A       100%        6
 Monstrous Menagerie      Summ           9%         N/A       100%        7
 Ozocubu's Refrigeration  Ice            9%         4d6       100%        7
 Storm Form               Tmut/Air       10%        N/A       100%        7
 Ignition                 Fire           9%         3d5       100%        8
 Infestation              Necr           29%        N/A       100%        8


Dungeon Overview and Level Annotations

Branches:
Dungeon (15/15)            Temple (1/1) D:7            Lair (6/6) D:10
 Shoals (4/4) Lair:4       Spider (4/4) Lair:4        Slime (0/5) Lair:5
    Orc (2/2) D:11            Elf (3/3) Orc:2        Vaults (0/5) D:13
 Bailey (visited)
 Depths: D:15

Altars:
Ashenzari
Cheibriados
Dithmenos
Elyvilon
Fedhas
Gozag
Hepliaklqana
Kikubaaqudgha
Makhleb
Nemelex Xobeh
Okawaru
Qazlal
Ru
Sif Muna
Trog
Uskayaw
Vehumet
Wu Jian
Xom
Yredelemnul
Zin
The Shining One
Beogh

Shops:
Orc:2 :[(*   Shoals:3 [*(*(

Annotations:
Spider:2 3 runed translucent doors, Wighutsi's ghost, adept BaFE


Innate Abilities, Weirdness & Mutations

You are mostly covered in yellow scales. (AC +3)
A meltable icy envelope protects you from harm. (AC +4)
Your magical and physical power is enhanced at high health.
A meltable shield of frost defends you. (SH +4)
Spells you cast may paralyse nearby enemies.
You have a tail ending in a sharp stinger.


Message History

Found 2 poisoned darts, a potion of curing and a flail.
A deep elf annihilator comes into view. It is wielding a +0 long sword.
The deep elf master archer wields a +0 longbow.
The deep elf master archer shoots an arrow.
The arrow hits you!!
A deep elf death mage comes into view. It is wielding a +0 short sword.
The deep elf demonologist moves out of view.
A deep elf sorcerer comes into view. It is wielding a +0 dagger.
Unknown command.
Unknown command.
Unknown command.
As you read the scroll of teleportation, it crumbles to dust.
You feel strangely unstable.
The deep elf annihilator gestures wildly while chanting.
The deep elf annihilator blinks!
The deep elf master archer shoots an arrow.
The arrow hits you!!
The deep elf annihilator mumbles some strange words.
The deep elf annihilator blinks!
The deep elf zephyrmancer points at you and mumbles some strange words.
The bolt of lightning hits you. You resist.
A deep elf elementalist comes into view.
It is wielding a +0 long sword.
The deep elf master archer shoots an arrow.
The arrow hits you!!
* * * LOW HITPOINT WARNING * * *
The deep elf demonologist mumbles some strange words.
Unknown command.
Unknown command.
Blink to where?
Press: ? - help, Dir - move target
As you read the scroll of blinking, it crumbles to dust.
The deep elf elementalist shouts!
The deep elf death mage shouts!
The deep elf demonologist shouts!
The deep elf master archer shoots an arrow.
You block the arrow.
The deep elf annihilator gestures wildly while chanting.
The deep elf annihilator blinks!
The deep elf annihilator points at you and mumbles some strange words.
The crystal spear hits you!!!!
You die...

#. ### #. #e# .e.#
§.ee# ..e..# *.....#
....e..## ..§
#..e..@## ....
##......# ....#
##.......
.....###..........
......#..........##
..................#
.......e.....#.....#
#......§e...###.....
##.e.4.e...##


You could see a deep elf blademaster, a deep elf master archer, 2 deep elf
annihilators, a deep elf death mage (empowered), a deep elf elementalist (fast,
empowered, repels missiles), a deep elf demonologist (empowered), a deep elf
high priest (brilliance aura), a deep elf zephyrmancer and a lost soul
(summoned, wandering).

Vanquished Creatures
  Bai Suzhen (Shoals:3)
  Arachne (Spider:4)
  Rupert (Lair:6)
  Mlioglotl (Shoals:3)
  A deep elf blademaster (Elf:2)
  Gastronok (Orc:1)
  Polyphemus (Shoals:4)
  A kraken (Shoals:2)
  11 emperor scorpions
  Ilsuiw (Shoals:4)
  A deep elf sorcerer (Elf:1)
  3 orc warlords
  3 ghost moths
  2 broodmothers
  Nessos (D:13)
  An entropy weaver (Spider:1)
  A deep elf annihilator (Elf:3)
  A deep elf demonologist (Elf:3)
  4 spark wasps
  A dire elephant (Lair:1)
  A deep elf death mage (Elf:3)
  5 merfolk javelineers (Shoals:4)
  6 merfolk impalers
  6 boulder beetles
  Josephine (D:15)
  10 hydras
  2 ogre magi
  An alligator snapping turtle (Shoals:4)
  8 centaur warriors
  2 catoblepae
  3 radroaches
  Erica (Lair:1)
  30 dancing weapons
  5 tengu warriors (D:15)
  6 merfolk aquamancers (Shoals:4)
  3 satyrs
  11 death yaks
  7 two-headed ogres
  A death knight (D:14)
  4 orc high priests (Orc:2)
  Urug (Lair:1)
  13 deep elf knights
  3 sun moths
  5 pharaoh ants
  11 sea snakes
  15 deep elf archers
  7 steelbarb worms
  12 orb spiders
  12 harpies
  4 lindwurms (Lair:5)
  8 orc knights
  37 deep elf pyromancers
  26 deep elf zephyrmancers
  A necromancer (Lair:2)
  15 wolf spiders
  10 orc sorcerers
  3 moths of wrath
  15 fauns
  8 cyclopes
  An oklob plant (Lair:4)
  6 ugly things
  4 black mambas
  16 manticores
  Maurice (D:12)
  Joseph (D:8)
  8 cane toads
  14 merfolk sirens
  4 torpor snails
  6 water nymphs
  6 gargoyles
  Psyche (D:9)
  Maggie (D:8)
  9 komodo dragons
  3 rime drakes
  3 kobold demonologists
  4 demonic crawlers
  5 harpy zombies (Shoals:4)
  24 merfolk
  A troll (shapeshifter) (D:13)
  9 meliai
  5 polar bears
  8 trolls
  Grinder (D:4)
  25 tarantellas
  4 wind drakes
  A wolf spider simulacrum (D:14)
  3 hornets (Lair:6)
  20 blink frogs
  6 snapping turtles
  17 dream sheep
  A meliai zombie (D:10)
  31 slime creatures
  An air elemental (Elf:3)
  A culicivora (shapeshifter) (D:14)
  6 water elementals
  18 culicivoras
  24 jumping spiders
  13 spriggans (Lair:6)
  5 wyverns
  7 wraiths
  46 yaks
  3 steam dragons (D:8)
  3 fire elementals
  6 vampire mosquitoes
  5 basilisks
  10 wargs
  55 redbacks
  3 acid dragons
  12 water moccasins
  6 black bears (Lair:6)
  45 orc warriors
  2 ice beasts (D:5)
  2 manticore zombies (Shoals:4)
  13 ogres
  A necrophage (D:4)
  4 boggarts (Lair:6)
  A hornet zombie (D:6)
  28 wolves
  14 centaurs
  A phantom (D:6)
  Blork the orc (D:5)
  4 kobold brigands
  11 bullfrogs
  A gnoll sergeant (D:10)
  4 earth elementals
  2 water moccasin zombies
  2 water moccasin skeletons
  4 killer bees (D:8)
  6 wights
  3 electric eels
  A howler monkey (D:9)
  A centaur zombie (D:8)
  3 hounds
  A bullfrog zombie (D:5)
  3 jellies
  15 orc priests
  Natasha (twice) (D:4)
  A scorpion zombie (D:5)
  21 orc wizards
  4 polar bear simulacra (Lair:2)
  4 wolf simulacra (Lair:2)
  A hound skeleton (D:5)
  2 howler monkey zombies
  6 adders
  18 gnolls
  A shadow imp (D:6)
  An adder skeleton (D:4)
  An adder zombie (D:5)
  3 worms
  A dart slug (D:1)
  104 orcs
  7 ball pythons
  5 bats
  8 endoplasms
  2 giant cockroaches
  5 hobgoblins
  8 jackals
  4 quokkas
  4 frilled lizards
  16 goblins
  22 kobolds
  A quokka skeleton (D:4)
  6 rats
  3 river rat simulacra (Lair:2)
  4 bushes (Lair:5)
  4 tentacles
1272 creatures vanquished.

Vanquished Creatures (collateral kills)
  A kraken (Shoals:1)
  An emperor scorpion (Spider:4)
  A centaur warrior (D:13)
  A basilisk (D:13)
  A redback (Lair:4)
  2 centaurs (D:13)
  A tentacle (Shoals:1)
8 creatures vanquished.

Vanquished Creatures (others)
  2 deep elf zephyrmancers (Elf:1)
  A dream sheep (Lair:6)
  2 orcs (D:8)
  53 fungi
  143 plants
  7 tentacles
208 creatures vanquished.

Grand Total: 1488 creatures vanquished

Notes
Turn   | Place    | Note
-------+----------+-------------------------------------------
     0 | D:1      | protoss039 the Demonspawn Earth Elementalist began the
                  | quest for the Orb.
     0 | D:1      | Reached XP level 1. HP: 13/13 MP: 3/3
    47 | D:1      | Reached skill level 1 in Transmutations
   573 | D:1      | Gained mutation: Spells you cast may paralyse adjacent
                  | enemies. [demonic ancestry]
   573 | D:1      | Reached XP level 2. HP: 12/20 MP: 5/5
   732 | D:1      | Reached skill level 1 in Fighting
  1454 | D:1      | Gained mutation: You are partially covered in yellow
                  | scales. (AC +2) [demonic ancestry]
  1454 | D:1      | Reached XP level 3. HP: 21/26 MP: 6/6
  2263 | D:2      | Found an opulent altar of Gozag.
  2341 | D:2      | Reached skill level 2 in Fighting
  2341 | D:2      | Reached skill level 1 in Armour
  2341 | D:2      | Reached XP level 4. HP: 16/33 MP: 3/7
  3100 | D:2      | Learned a level 2 spell: Passwall
  3104 | D:2      | Learned a level 3 spell: Stone Arrow
  3235 | D:3      | Got the Volume of Unstable Stones
  3261 | D:3      | Reached XP level 5. HP: 40/40 MP: 9/9
  3291 | D:3      | Reached skill level 3 in Fighting
  3673 | D:3      | Reached XP level 6. HP: 47/47 MP: 3/10
  4383 | D:4      | Noticed Grinder
  4389 | D:4      | Paralysed by Grinder for 5 turns
  4399 | D:4      | Killed Grinder
  4400 | D:4      | Reached skill level 4 in Fighting
  4400 | D:4      | Reached skill level 1 in Conjurations
  4666 | D:4      | Gained mutation: You have a small tail. [demonic ancestry]
  4666 | D:4      | Reached XP level 7. HP: 39/54 MP: 1/12
  4932 | D:4      | Noticed Natasha
  4940 | D:4      | Killed Natasha
  5077 | D:4      | Noticed Natasha
  5081 | D:4      | Killed Natasha
  5588 | D:5      | Entered Level 5 of the Dungeon
  5592 | D:5      | Identified the +9 plate armour of Geikucau {Rampage rPois
                  | rC-}
  5720 | D:5      | Reached skill level 5 in Fighting
  5905 | D:5      | Gained mutation: You are mostly covered in yellow scales.
                  | (AC +3) [demonic ancestry]
  5905 | D:5      | Reached XP level 8. HP: 40/63 MP: 2/14
  6137 | D:5      | Noticed Blork the orc
  6142 | D:5      | Killed Blork the orc
  6283 | D:5      | Reached skill level 6 in Fighting
  6897 | D:5      | Reached skill level 5 in Earth Magic
  7391 | D:6      | Reached skill level 7 in Fighting
  7391 | D:6      | Reached skill level 5 in Spellcasting
  7557 | D:6      | Noticed a gargoyle
  7787 | D:6      | Killed a gargoyle
  7788 | D:6      | Gained mutation: A meltable shield of frost defends you.
                  | (SH +4) [demonic ancestry]
  7788 | D:6      | Reached XP level 9. HP: 73/73 MP: 9/17
  8352 | D:7      | Reached skill level 8 in Fighting
  8621 | D:7      | Found a staircase to the Ecumenical Temple.
  8665 | Temple   | Entered the Ecumenical Temple
  8891 | Temple   | Became a worshipper of Vehumet
  8943 | D:7      | Found a broken altar of Ashenzari.
  8944 | D:7      | You fall into a shaft and drop 1 floor!
  8944 | D:8      | Noticed Maggie
  8951 | D:8      | Killed Maggie
  9355 | D:8      | Reached skill level 9 in Fighting
  9968 | D:8      | Noticed Joseph
  9974 | D:8      | Killed Joseph
 10113 | D:8      | Reached * piety under Vehumet
 10113 | D:8      | Offered knowledge of Freeze by Vehumet.
 10114 | D:8      | Gained mutation: You have a tail ending in a sharp stinger.
                  | [demonic ancestry]
 10114 | D:8      | Reached XP level 10. HP: 61/84 MP: 6/19
 10976 | D:9      | Reached skill level 10 in Fighting
 10992 | D:9      | Noticed Psyche
 10999 | D:9      | Killed Psyche
 11000 | D:9      | Reached skill level 1 in Shields
 11217 | D:9      | Noticed a gargoyle
 11223 | D:9      | Killed a gargoyle
 11324 | D:9      | Noticed a deep elf pyromancer
 11327 | D:9      | Killed a deep elf pyromancer
 11653 | D:9      | Offered knowledge of Shock by Vehumet.
 11829 | D:10     | Entered Level 10 of the Dungeon
 11831 | D:10     | Found a flagged portal.
 11841 | D:10     | Reached ** piety under Vehumet
 11863 | Bailey   | Entered a bailey
 12335 | Bailey   | Offered knowledge of Static Discharge by Vehumet.
 12348 | Bailey   | Learned a level 2 spell: Static Discharge
 12435 | Bailey   | Noticed an orc knight
 12459 | Bailey   | Killed an orc knight
 12801 | Bailey   | Noticed an orc knight
 12922 | Bailey   | Killed an orc knight
 12923 | Bailey   | Reached skill level 11 in Fighting
 13193 | Bailey   | Noticed an orc knight
 13203 | Bailey   | Killed an orc knight
 13580 | D:9      | Gained mutation: Spells you cast may paralyse nearby
                  | enemies. [demonic ancestry]
 13580 | D:9      | Reached XP level 11. HP: 76/93 MP: 12/22
 13658 | D:10     | Found a stormy altar of Qazlal.
 13845 | D:10     | Reached *** piety under Vehumet
 14087 | D:10     | Found a bloodstained altar of Trog.
 14528 | D:10     | Found a staircase to the Lair.
 15221 | D:11     | Noticed a two-headed ogre
 15227 | D:11     | Killed a two-headed ogre
 15256 | D:11     | Reached skill level 5 in Conjurations
 15259 | D:11     | Offered knowledge of Mephitic Cloud by Vehumet.
 15298 | D:10     | Learned a level 3 spell: Mephitic Cloud
 15547 | D:11     | Found a staircase to the Orcish Mines.
 15745 | D:11     | Reached skill level 12 in Fighting
 15999 | D:11     | Noticed a boulder beetle
 15999 | D:11     | Noticed a two-headed ogre
 16010 | D:11     | Killed a boulder beetle
 16012 | D:11     | Killed a two-headed ogre
 16576 | D:11     | Reached XP level 12. HP: 59/102 MP: 8/24
 17676 | D:12     | Reached **** piety under Vehumet
 18011 | D:12     | Offered knowledge of Iskenderun's Battlesphere by Vehumet.
 18251 | D:12     | Reached skill level 5 in Shields
 18353 | D:12     | Reached skill level 5 in Armour
 18460 | D:12     | Noticed Maurice
 18466 | D:12     | Killed Maurice
 18755 | D:12     | Noticed a boulder beetle
 18773 | D:12     | Killed a boulder beetle
 19138 | D:12     | Learned a level 5 spell: Iskenderun's Battlesphere
 19219 | D:13     | Noticed a centaur warrior
 19231 | D:13     | Killed a centaur warrior
 19232 | D:13     | Reached skill level 13 in Fighting
 19427 | D:13     | Noticed Nessos
 19427 | D:13     | Noticed a centaur warrior
 19458 | D:13     | Killed Nessos
 19470 | D:13     | Killed a centaur warrior
 19877 | D:13     | Noticed a two-headed ogre
 19878 | D:13     | Noticed a two-headed ogre
 19889 | D:13     | Killed a two-headed ogre
 19889 | D:13     | Noticed an ogre mage
 19899 | D:13     | Killed an ogre mage
 19979 | D:13     | Killed a two-headed ogre
 20051 | D:13     | Found a gate to the Vaults.
 20115 | D:13     | Noticed a centaur warrior
 20117 | D:13     | Noticed a five-headed hydra
 20122 | D:13     | Killed a five-headed hydra
 20123 | D:13     | Gained mutation: A meltable icy envelope protects you from
                  | harm. (AC +4) [demonic ancestry]
 20123 | D:13     | Reached XP level 13. HP: 63/111 MP: 11/26
 20818 | D:13     | Reached XP level 14. HP: 119/119 MP: 26/29
 21031 | D:14     | Reached skill level 14 in Fighting
 22360 | D:14     | Found an ornate altar of the Wu Jian Council.
 22639 | D:14     | Found a shimmering altar of Xom.
 22771 | D:14     | Learned a level 5 spell: Borgnjor's Vile Clutch
 22833 | D:15     | Entered Level 15 of the Dungeon
 22971 | D:15     | Reached skill level 1 in Necromancy
 23105 | D:15     | Noticed Josephine
 23114 | D:15     | Killed Josephine
 23141 | D:15     | Reached ***** piety under Vehumet
 23340 | D:15     | Offered knowledge of Airstrike by Vehumet.
 23553 | D:15     | Reached skill level 15 in Fighting
 24138 | D:15     | Noticed a stone giant
 24269 | Lair:1   | Entered Level 1 of the Lair of Beasts
 24407 | Lair:1   | Noticed Urug
 24413 | Lair:1   | Killed Urug
 24788 | Lair:1   | Noticed Erica
 24800 | Lair:1   | Killed Erica
 24874 | Lair:1   | HP: 5/123 [dire elephant (29)]
 25621 | Lair:2   | Gained mutation: Your magical and physical power is
                  | slightly enhanced at high health. [demonic ancestry]
 25621 | Lair:2   | Reached XP level 15. HP: 82/129 MP: 21/31
 26315 | Lair:2   | Reached skill level 5 in Necromancy
 26873 | Lair:2   | Offered knowledge of Freezing Cloud by Vehumet.
 26881 | Lair:2   | Learned a level 5 spell: Freezing Cloud
 28899 | Lair:4   | Found the +1 robe of Vines {NoPotionHeal Regen++++}
 29434 | Lair:4   | Found a hole to the Spider Nest.
 29917 | Lair:4   | Found a staircase to the Shoals.
 30207 | Lair:4   | Identified the +8 eveningstar "Veabeiw" {antimagic, rF-
                  | Str+4 Dex+2}
 30957 | Lair:5   | Found a staircase to the Slime Pits.
 31548 | Lair:6   | Entered Level 6 of the Lair of Beasts
 31548 | Lair:6   | Noticed Rupert
 31570 | Lair:6   | Killed Rupert
 31842 | Lair:6   | Reached skill level 16 in Fighting
 32030 | Lair:6   | Reached skill level 10 in Earth Magic
 32994 | Lair:6   | Reached XP level 16. HP: 115/138 MP: 5/32
 33928 | Lair:5   | Identified the +4 long sword of Paxoygihag {vorpal, rPois}
 34175 | Orc:1    | Entered Level 1 of the Orcish Mines
 34637 | Orc:1    | Noticed Gastronok
 34646 | Orc:1    | Killed Gastronok
 35341 | Orc:2    | Entered Level 2 of the Orcish Mines
 35413 | Orc:2    | Paralysed by an orc sorcerer for 7 turns
 35784 | Orc:1    | Offered knowledge of Lightning Bolt by Vehumet.
 36069 | Orc:2    | Found Fizoec's Antique Weapon Emporium.
 36082 | Orc:2    | Found Cuonlecu's Book Shoppe.
 36370 | Orc:2    | Found Tuwecw's General Store.
 36667 | Orc:2    | Found Xeacuong's Antique Armour Emporium.
 36705 | Orc:2    | Bought a scroll of identify for 28 gold pieces
 36705 | Orc:2    | Bought a potion of berserk rage for 70 gold pieces
 36705 | Orc:2    | Bought a potion of mutation for 112 gold pieces
 36705 | Orc:2    | Bought a potion of curing for 42 gold pieces
 36763 | Orc:2    | Found a staircase to the Elven Halls.
 36851 | Orc:2    | Found a runed translucent door.
 37498 | Orc:2    | Bought a transparent scale mail for 279 gold pieces
 37498 | Orc:2    | Identified the +0 scale mail "Ettiwox" {Str-3 Int+6} (You
                  | bought it in a shop on level 2 of the Orcish Mines)
 37498 | Orc:2    | Bought a spiked ring mail for 279 gold pieces
 37498 | Orc:2    | Identified the +1 ring mail "Gulebyun" {Dex+9} (You bought
                  | it in a shop on level 2 of the Orcish Mines)
 37702 | Spider:1 | Entered Level 1 of the Spider Nest
 37819 | Spider:1 | Reached skill level 10 in Conjurations
 38405 | Spider:1 | Reached ****** piety under Vehumet
 38592 | Spider:1 | Offered knowledge of Lee's Rapid Deconstruction by Vehumet.
 39429 | Spider:2 | Found a runed translucent gate.
 39429 | Spider:2 | Found a runed translucent gate.
 39429 | Spider:2 | Found a runed translucent gate.
 39429 | Spider:2 | Noticed Wighutsi's ghost (adept BaFE)
 39964 | Spider:2 | Reached skill level 17 in Fighting
 42127 | Spider:3 | Reached XP level 17. HP: 147/147 MP: 31/34
 42156 | Spider:3 | Offered knowledge of Conjure Ball Lightning by Vehumet.
 44018 | Spider:4 | Entered Level 4 of the Spider Nest
 44307 | Spider:4 | Offered knowledge of Orb of Destruction by Vehumet.
 44344 | Spider:4 | Learned a level 7 spell: Orb of Destruction
 46856 | Spider:4 | Noticed Arachne
 47089 | Spider:4 | Killed Arachne
 48053 | Spider:4 | Got a gossamer rune of Zot
 48259 | Shoals:1 | Entered Level 1 of the Shoals
 48494 | Shoals:1 | Offered knowledge of Iron Shot by Vehumet.
 49586 | Shoals:1 | Noticed a kraken
 49594 | Shoals:1 | Killed a kraken
 49595 | Shoals:1 | Gained mutation: Your magical and physical power is
                  | enhanced at high health. [demonic ancestry]
 49595 | Shoals:1 | Reached XP level 18. HP: 151/156 MP: 19/35
 49745 | Shoals:1 | Learned a level 6 spell: Iron Shot
 50461 | Shoals:2 | Reached skill level 18 in Fighting
 50752 | Shoals:2 | Reached skill level 10 in Armour
 50974 | Shoals:2 | Learned a level 4 spell: Olgreb's Toxic Radiance
 50979 | Shoals:3 | Noticed Bai Suzhen
 50986 | Shoals:3 | Killed Bai Suzhen
 50987 | Shoals:3 | Reached skill level 10 in Shields
 50992 | Shoals:3 | Found Fecuoppi's Weapon Shoppe.
 50999 | Shoals:3 | Noticed Mlioglotl
 51124 | Shoals:3 | Killed Mlioglotl
 51739 | Shoals:3 | Found Mam Vixt's General Store.
 51794 | Shoals:3 | Bought a scroll of enchant armour for 105 gold pieces
 51794 | Shoals:3 | Bought a scroll of identify for 28 gold pieces
 51794 | Shoals:3 | Bought a scroll of blinking for 105 gold pieces
 51802 | Shoals:3 | Found Enluxo's Weapon Emporium.
 52152 | Shoals:3 | Found Erchec's Assorted Antiques.
 52234 | Shoals:3 | Found Nakhlees's Antique Armour Emporium.
 52237 | Shoals:3 | Bought a scroll of teleportation for 84 gold pieces
 52237 | Shoals:3 | Bought a potion of curing for 84 gold pieces
 52237 | Shoals:3 | Bought a scroll of amnesia for 98 gold pieces
 52237 | Shoals:3 | Bought an opal ring for 140 gold pieces
 52237 | Shoals:3 | Bought a glowing coral ring for 140 gold pieces
 52263 | Shoals:3 | Bought an ominously black robe for 233 gold pieces
 52263 | Shoals:3 | Identified the +2 robe of the Foremost Xeniums {rF+ rCorr
                  | Int+2} (You bought it in a shop on level 3 of the Shoals)
 52675 | Shoals:4 | Entered Level 4 of the Shoals
 52986 | Shoals:4 | Noticed Polyphemus
 53184 | Shoals:4 | Killed Polyphemus
 54664 | Shoals:4 | Identified the ring of Upran {rElec rCorr}
 54776 | Shoals:4 | Offered knowledge of Shatter by Vehumet.
 54776 | Shoals:4 | Offered knowledge of Polar Vortex by Vehumet.
 54776 | Shoals:4 | Offered knowledge of Maxwell's Capacitive Coupling by
                  | Vehumet.
 55074 | Shoals:4 | Noticed Ilsuiw
 55081 | Shoals:4 | Killed Ilsuiw
 55855 | Shoals:4 | Got a barnacled rune of Zot
 56850 | Elf:1    | Entered Level 1 of the Elven Halls
 57171 | Elf:1    | You fall into a shaft and drop 1 floor!
 57528 | Elf:1    | Reached XP level 19. HP: 153/165 MP: 9/37
 59456 | Elf:2    | Found a runed translucent gate.
 59456 | Elf:2    | Found a runed translucent gate.
 59456 | Elf:2    | Found a runed translucent gate.
 59774 | Elf:2    | Reached skill level 15 in Spellcasting
 59809 | Elf:2    | Got the Catalogue of Freezing Sinister Magic
 60629 | Elf:2    | Reached skill level 19 in Fighting
 61929 | Elf:3    | Entered Level 3 of the Elven Halls
 62120 | Elf:3    | Paralysed by an air elemental for 1 turns
 62253 | Elf:3    | Killed from afar by a deep elf annihilator

Illustrated notes

Levels and vault maps discovered:
D:1:      nagdon_arrival_zigzag_paths, layout_basic, serial_park_tiny_2,
          minmay_split_cup_small
D:2:      minmay_angry_zag, layout_loops_corners, basic_altar,
          serial_park_tiny_2
D:3:      layout_rooms, grunt_decor_resistance
D:4:      kennysheep_six_static_rooms, layout_basic, uniq_grinder, uniq_natasha
D:5:      layout_basic, uniq_blork_the_orc
D:6:      layout_loops_cross, corexii_checkpoint_a, minivault_14
D:7:      layout_gridville, ashenzari_altar_1, minmay_temple_entry_waves,
          kennysheep_generic_room_11
D:8:      layout_loops_corners, uniq_maggie, uniq_joseph
D:9:      layout_loops_cross, guppyfry_early_elven_hall, uniq_psyche
D:10:     layout_big_octagon, amcnicky_altar_gilded,
          nicolae_qazlal_general_emergency, erik_lair_orcish_takeover,
          enter_bailey_5, kennysheep_cluttered_room
D:11:     layout_basic, minmay_orc_entry_temple_small
D:12:     layout_gridville, uniq_maurice
D:13:     layout_roguey, david_vaults_2, uniq_nessos
D:14:     layout_long_grid, nicolae_wu_jian_immortal_techniques,
          brannock_xom_greatest_gift
D:15:     grunt_enter_depths_snipers, layout_loops_ring,
          minmay_misc_feat_four_crosses, minmay_misc_feat_iff, uniq_josephine
Temple:   mainiacjoe_temple_bowtie_tessellation
Lair:1:   layout_cave_shapes, nicolae_lair_grazing_beasts
          [nicolae_sub_lair_graze_edge, nicolae_sub_lair_graze_edge,
          nicolae_sub_lair_graze_edge, nicolae_sub_lair_graze_edge], uniq_urug,
          uniq_erica
Lair:2:   layout_cave_pods, eino_house_with_fridge
Lair:3:   layout_loops_ring, minivault_27, grunt_forest_small_clearings
Lair:4:   layout_cave_pods, minmay_shoals_entry_centaurs,
          spider_nest_entry_funnel_web, hellmonk_guarded_unrand_vines
Lair:5:   layout_cave_pods, slime_dummy, minmay_hedge_maze, minmay_lindwurm_lava
Lair:6:   minmay_lair_end_enchanted_forest, layout_gridlike, st_stairs_8,
          uniq_rupert
Shoals:1: layout_shoals
Shoals:2: layout_shoals, nicolae_shoals_so_close
Shoals:3: layout_shoals, serial_shops, shop,
          nicolae_shop_competitors_out_of_business, nicolae_shop_stone,
          nicolae_shop_bloodbath_and_beyond, nicolae_shop_overgrown_old_shop,
          uniq_bai_suzhen, uniq_mlioglotl
Shoals:4: shoals_end_simple, layout_shoals, shoals_ilsuiw_alternative,
          nicolae_shoals_lost_giant_baths, nicolae_shoals_undead_eyrie,
          uniq_polyphemus
Spider:1: layout_spider_delve
Spider:2: layout_chambers, gammafunk_ghost_split
Spider:3: layout_spider_delve
Spider:4: grunt_spider_rune_circles, drop_trap,
          hangedman_spider_tarantella_strand, uniq_arachne
Orc:1:    layout_caves, uniq_gastronok
Orc:2:    grunt_orc_gardens, layout_diamond_mine, grunt_orc_garden,
          grunt_orc_garden, grunt_orc_garden, grunt_orc_garden,
          lightli_church_of_beogh
Elf:1:    eino_elf_arrival_the_gate, layout_loops_corners, minivault_28
Elf:2:    nicolae_elf_blades_splatter_lattice [nicolae_blade_entry_antechamber],
          layout_loops_cross, nicolae_elf_big_sculpture_2
Elf:3:    minmay_elf_hall_four_x, layout_gridlike, elves_outpost_lemuel

Skill      XL: |  1  2  3  4  5  6  7  8  9 10 11 12 13 14 15 16 17 18 19 |
---------------+----------------------------------------------------------+-----
Transmutations | 1 |  1.0
Fighting       | 1 2 3 4 5 7 9 11 12 13 15 16 17 18 19 | 19.2
Armour         | 1 2 3 4 6 7 8 9 11 | 11.9
Earth Magic    | 3 4 5 6 7 8 9 10 12 | 12.0
Spellcasting   | 3 4 5 6 7 8 9 11 12 13 14 15 | 15.3
Conjurations   | 2 3 6 7 8 9 10 11 12 13 | 13.7
Shields        | 3 4 6 7 8 9 11 | 11.9
Necromancy     | 4 7 9 |  9.0
Dodging        | |  1.7
Stealth        | |  1.7

Action                   |  1- 3 |  4- 6 |  7- 9 | 10-12 | 13-15 | 16-18 | 19-21 || total
-------------------------+-------+-------+-------+-------+-------+-------+-------++-------
Melee: Whip              |    11 |       |       |       |       |       |       ||    11
       Club              |     8 |       |       |       |       |       |       ||     8
       Punch             |     2 |     1 |       |       |       |       |       ||     3
       Unarmed           |     1 |       |       |       |       |       |       ||     1
       Spear             |    91 |   142 |   159 |     3 |       |       |       ||   395
       Tailslap          |       |       |    27 |    73 |    77 |   100 |    14 ||   291
       Short sword       |       |       |       |   254 |   312 |   351 |    60 ||   977
       Flail             |       |       |       |    38 |       |       |       ||    38
 Cast: Sandblast         |    16 |    45 |    55 |    49 |    72 |    44 |       ||   281
       Stone Arrow       |       |     6 |    92 |   239 |   275 |   308 |     3 ||   923
       Static Discharge  |       |       |       |     8 |    81 |   121 |     4 ||   214
       Mephitic Cloud    |       |       |       |    15 |    41 |    52 |     2 ||   110
       Iskenderun's Batt |       |       |       |     2 |     6 |       |       ||     8
       Borgnjor's Vile C |       |       |       |       |    42 |   329 |    91 ||   462
       Freezing Cloud    |       |       |       |       |    21 |    70 |    15 ||   106
       Passwall          |       |       |       |       |     1 |       |       ||     1
       Orb of Destructio |       |       |       |       |       |     9 |       ||     9
       Iron Shot         |       |       |       |       |       |    67 |    49 ||   116
Evoke: Wand              |       |       |       |     2 |       |    15 |       ||    17
       Phantom mirror    |       |       |       |       |       |     2 |       ||     2
  Use: Scroll            |       |     1 |     5 |    10 |    12 |    17 |     3 ||    48
       Potion            |       |       |     1 |     4 |     7 |     8 |     1 ||    21
 Stab: Sleeping          |     9 |     5 |     1 |     1 |       |     1 |       ||    17
       Paralysed         |       |    14 |    31 |    38 |    73 |    95 |    12 ||   263
       Distracted        |       |       |     1 |       |       |       |       ||     1
       Confused          |       |       |       |     5 |     5 |     5 |       ||    15
Armor: Robe              |    18 |    39 |       |       |       |    87 |    20 ||   164
       Leather armour    |       |     2 |    49 |    87 |   152 |    17 |       ||   307
       Scale mail        |       |       |       |       |       |   240 |       ||   240
Dodge: Dodged            |    57 |   109 |    88 |   172 |   207 |   338 |    37 ||  1008
       Repelled          |       |       |       |       |       |    15 |     5 ||    20
Block: Buckler           |       |       |    28 |   171 |   219 |   345 |       ||   763
       Kite shield       |       |       |       |       |       |    20 |    68 ||    88
